 Dungeon Crawl Stone Soup version 0.29-a0-409-gd843f3a48c (webtiles) character file.

Game seed: 2470964496882461631

555 quokkamancerX the Slasher (level 7, -3/50 HPs)
             Began as a Human Gladiator on May 14, 2022.
             Was a Follower of Makhleb.
             Slain by Duvessa
             ... wielding a +0 short sword
              (10 damage)
             ... on level 3 of the Dungeon.
             The game lasted 00:24:53 (4100 turns).

quokkamancerX the Slasher (Human Gladiator)         Turns: 4100, Time: 00:24:54

Health: -3/50      AC:  6    Str: 14    XL:     7   Next: 55%
Magic:  7/7        EV: 10    Int:  8    God:    Makhleb [*.....]
Gold:   163        SH:  9    Dex: 17    Spells: 6/6 levels left

rFire   . . .      SeeInvis .   k - +1 rapier (venom)
rCold   + + .      Faith    .   m - +2 kite shield
rNeg    . . .      Spirit   .   g - +2 leather armour {rC+}
rPois   .          Reflect  .   c - +0 helmet
rElec   .          Harm     .   (no cloak)
rCorr   .          Rampage  .   (no gloves)
Will    .....                   (no boots)
Stlth   +++.......              (no amulet)
HPRegen 0.16/turn               y - ring of protection from cold
MPRegen 0.10/turn               (no ring)

@: no status effects
A: no striking features
a: Renounce Religion


You were on level 3 of the Dungeon.
You worshipped Makhleb.
Makhleb was aware of your devotion.
You visited 1 branch of the dungeon, and saw 4 of its levels.

You collected 163 gold pieces.

Inventory:

Hand Weapons
 a - a +1 long sword
 k - a +1 rapier of venom (weapon)
Missiles
 d - 3 throwing nets (quivered)
 e - 3 javelins
 f - 90 stones
Armour
 c - a +0 helmet (worn)
 g - a +2 leather armour of cold resistance (worn)
 m - a +2 kite shield (worn)
Jewellery
 y - a ring of protection from cold (left hand)
Wands
 t - a wand of acid (4)
 u - a wand of iceblast (4)
 x - a wand of flame (18)
Scrolls
 h - a scroll of teleportation {unknown}
 i - a scroll of fog {unknown}
 o - a scroll of immolation
 q - a scroll of poison {unknown}
 r - a scroll of summoning {unknown}
 v - 2 scrolls of fear {unknown}
 w - 4 scrolls of enchant weapon
 B - a scroll of silence {unknown}
Potions
 b - 2 potions of brilliance
 l - a potion of attraction {unknown}
 n - 2 potions of mutation {unknown}
 p - a potion of degeneration {unknown}
 s - 2 potions of ambrosia
 z - a potion of cancellation {unknown}
 A - a potion of lignification {unknown}


   Skills:
 - Level 2.0 Fighting
 + Level 6.1 Long Blades
 - Level 2.0 Throwing
 - Level 3.0 Dodging
 + Level 5.6 Stealth


You had 6 spell levels left.
You didn't know any spells.
Your spell library contained the following spells:

 Spells                   Type           Power      Damage    Failure   Level
 Borgnjor's Revivificati  Necr           0%         N/A       100%        8
 Necromutation            Tmut/Necr      0%         N/A       100%        8
 Death's Door             Necr           0%         N/A       100%        9


Dungeon Overview and Level Annotations

Branches:
Dungeon (4/15)
 Temple: D:4-7

Altars:
Makhleb
Zin

Shops:
D:4 [

Annotations:
D:3 Duvessa


Message History

Duvessa hits you but does no damage. Duvessa attacks as you move away!
You block Duvessa's attack. Duvessa hits you with a +0 short sword!
* * * LOW HITPOINT WARNING * * *
You feel much better. You block the orc's attack.
You block the phantom's attack. You block Duvessa's attack.
You closely miss the orc. You block Duvessa's attack.
You block the orc's attack. The phantom barely misses you.
Duvessa hits you with a +0 short sword!!
* * * LOW HITPOINT WARNING * * *
The orc hits you with a +0 morningstar.
* * * LOW HITPOINT WARNING * * *
The phantom barely misses you.
You feel much better. Duvessa closely misses you. The orc barely misses you.
The phantom hits you but does no damage.
The phantom attacks as you move away!
The phantom hits you but does no damage.
Duvessa attacks as you move away! Duvessa hits you with a +0 short sword.
Duvessa hits you with a +0 short sword!
* * * LOW HITPOINT WARNING * * *
You block Duvessa's attack. The orc attacks as you move away!
You block the orc's attack. The orc attacks as you move away!
The orc barely misses you.
Duvessa rages.
You block Duvessa's attack. You block Duvessa's attack.
Duvessa looks more healthy.
Duvessa hits you with a +0 short sword.
* * * LOW HITPOINT WARNING * * *
Duvessa attacks as you move away! You block Duvessa's attack.
You block Duvessa's attack.
There is a stone staircase leading up, spattered with blood here.
You block Duvessa's attack. Duvessa hits you but does no damage.
You climb upwards.
There is a stone staircase leading down here.
You closely miss Duvessa.
Duvessa is heavily wounded.
Duvessa hits you with a +0 short sword.
* * * LOW HITPOINT WARNING * * *
Duvessa hits you with a +0 short sword!
You die...

.[..#..####...# #..### ##.#....
...)#.###.#...# #....# #.......
#'######..#...# ###..# ##..#....
....###...'...# #..###...#....
...###....#...#######..##.#.#....
..###.....#....#.......##.#..##..
.###.....##.............#.##.#...
###.....###...#...........##.#.#.
#####'#####..##e@###.#.#...#.....
.............###.# #####.......#.
############.^...### #.####.<#.
#.##....# ###.# #..#. ##.###...#
#...## #....
####........###....###..#.
########.....#####......_.รท......
...........#..# #..###....###..#
##....>....##.# #..# ##...# #...


You could see Duvessa (berserk).

Vanquished Creatures
  A black bear (D:4)
  A bullfrog (D:4)
  A gnoll sergeant (D:3)
  Dowan (D:4)
  A hound (D:4)
  An orc priest (D:3)
  Jessica (D:2)
  An orc wizard (D:3)
  4 gnolls (D:4)
  4 adders
  A worm (D:3)
  4 dart slugs
  8 orcs
  9 ball pythons
  11 endoplasms
  2 giant cockroaches (D:1)
  6 goblins
  4 hobgoblins
  2 jackals (D:1)
  5 kobolds
  2 quokkas (D:4)
  6 bats
  4 frilled lizards
  4 rats
84 creatures vanquished.

Notes
Turn   | Place    | Note
-------+----------+-------------------------------------------
     0 | D:1      | quokkamancerX the Human Gladiator began the quest for the
                  | Orb.
     0 | D:1      | Reached XP level 1. HP: 16/16 MP: 1/1
   205 | D:1      | Reached skill level 1 in Stealth
   205 | D:1      | Reached XP level 2. HP: 21/22 MP: 2/2
   599 | D:1      | Reached XP level 3. HP: 12/27 MP: 3/3
  1217 | D:2      | Noticed Jessica
  1242 | D:2      | Killed Jessica
  1243 | D:2      | Reached XP level 4. HP: 33/33 MP: 4/4
  1307 | D:2      | Reached skill level 4 in Long Blades
  2436 | D:3      | Found a burning altar of Makhleb.
  2459 | D:3      | Became a worshipper of Makhleb the Destroyer
  2478 | D:3      | Reached XP level 5. HP: 38/38 MP: 5/5
  2513 | D:3      | Found a faded altar of an unknown god.
  2665 | D:3      | Found a glowing silver altar of Zin.
  3089 | D:3      | Reached skill level 5 in Long Blades
  3089 | D:3      | Reached XP level 6. HP: 44/44 MP: 6/6
  3568 | D:4      | Reached * piety under Makhleb
  3569 | D:4      | Reached XP level 7. HP: 50/50 MP: 7/7
  3729 | D:4      | Reached skill level 5 in Stealth
  3913 | D:4      | Found Vuco's Armour Shop.
  3934 | D:4      | Noticed Dowan
  3957 | D:4      | Reached skill level 6 in Long Blades
  3975 | D:4      | Killed Dowan
  4069 | D:4      | Noticed Duvessa
  4082 | D:4      | HP: 1/50 [Duvessa/+0 short sword (9)]
  4100 | D:3      | Slain by Duvessa

Illustrated notes

Levels and vault maps discovered:
D:1:      kennysheep_arrival_forest, layout_rooms
D:2:      layout_basic, minmay_misc_feat_four_crosses,
          kennysheep_cluttered_room, uniq_jessica
D:3:      layout_rooms, nicolae_overflow_crystal_walls, zin_scriptorium,
          ebering_ecumenical_altar_rust, minmay_quadrilaterals
D:4:      black_bear_nest_1, layout_basic, serial_shops, nicolae_square_shop,
          uniq_duvessa

Skill      XL: |  1  2  3  4  5  6  7 |
---------------+----------------------+-----
Stealth        | 1 2 3 4 5 |  5.6
Long Blades    | 4 5 6 |  6.1
Fighting       | |  2.0
Throwing       | |  2.0
Dodging        | |  3.0

Action                   |  1- 3 |  4- 6 |  7- 9 || total
-------------------------+-------+-------+-------++-------
Melee: Long sword        |    48 |       |       ||    48
       Rapier            |       |    98 |    43 ||   141
       Punch             |       |     1 |       ||     1
Throw: Stone             |    30 |    36 |     1 ||    67
       Throwing net      |     3 |     1 |     1 ||     5
       Javelin           |       |       |     3 ||     3
  Use: Scroll            |     1 |     4 |       ||     5
       Potion            |       |       |     2 ||     2
 Stab: Sleeping          |       |     8 |     3 ||    11
Armor: Leather armour    |    20 |    21 |    15 ||    56
Dodge: Dodged            |    39 |    23 |    23 ||    85
Block: Kite shield       |       |    52 |    31 ||    83

Table legend: (Time is in decaauts)
 A = Elapsed time spent in this place.
 B = Non-inter-level travel time spent in this place.
 C = Inter-level travel time spent in this place.
 D = Time resting spent in this place.
 E = Time spent auto-exploring this place.
 F = Levels seen in this place.
 G = Mean time per level.
                   A        B        C        D        E       F      G
               +--------+--------+--------+--------+--------+-----+--------+
         Total |   4159 |   4068 |     91 |    802 |    339 |   4 | 1039.8 |
       Dungeon |   4159 |   4068 |     91 |    802 |    339 |   4 | 1039.8 |
               +--------+--------+--------+--------+--------+-----+--------+

Top non-repeatable levels by time:
     D:1: 1216 daAuts
     D:2: 1052 daAuts
     D:4: 953 daAuts
     D:3: 936 daAuts
